 Dungeon Crawl Stone Soup version 0.31-a0-188-g5e087ee2ca (webtiles) character file.

Game seed: 1176830084188729821

78 qw the Shooter (level 4, -6/25 HPs)
             Began as a Deep Elf Hunter on June 23, 2023.
             Killed by divine providence
             ... invoked by an orc priest
              (14 damage)
             ... on level 3 of the Dungeon.
             The game lasted 00:00:34 (1035 turns).

qw the Shooter (Deep Elf Hunter)                    Turns: 1035, Time: 00:00:35

Health: -6/25      AC:  5    Str: 10    XL:     4   Next: 15%
Magic:  6/6        EV: 11    Int: 14    God:
Gold:   84         SH:  0    Dex: 18    Spells: 3/3 levels left

rFire   . . .        Y - +1 shortbow (freeze)
rCold   . . .        (shield currently unavailable)
rNeg    . . .        d - +0 ring mail
rPois   .            (no helmet)
rElec   .            (no cloak)
rCorr   .            (no gloves)
SInv    .            (no boots)
Will    .....        (no amulet)
Stlth   +            (no ring)
HPRegen 0.24/turn    (no ring)
MPRegen 0.10/turn

%: no passive effects
@: no status effects
A: no striking features
a: no special abilities


You were on level 3 of the Dungeon.
You visited 1 branch of the dungeon, and saw 3 of its levels.

You collected 84 gold pieces.


   Skills:
 - Level 1.5 Fighting
 + Level 7.6 Ranged Weapons
 - Level 2.4 Dodging
 - Level 1.2 Stealth


You had 3 spell levels left.
You didn't know any spells.
Your spell library was empty.

Inventory:

Hand Weapons
 Y - a +1 shortbow of freezing (weapon)
Armour
 b - a +0 pair of boots
 d - a +0 ring mail (worn)
Scrolls
 a - a scroll of identify
 f - a scroll of revelation {unknown}
Potions
 c - a potion of heal wounds {unknown}
 e - a potion of degeneration {unknown}

Dungeon Overview and Level Annotations

Branches:
Dungeon (3/15)

Altars:


Message History

The worm bites you!
You shoot an arrow. The arrow hits the worm.
The arrow freezes the worm.
The worm is heavily wounded.
The worm barely misses you.
You shoot an arrow. The arrow hits the worm!
The arrow freezes the worm.
You kill the worm!
You start resting.
HP restored.
b - a +0 pair of boots You open the door.
There is an open door here.
f - a scroll labelled YNAWO TOEBLU As you open the door, it creaks loudly! 4 orcs and a rat come into view.
The orc shouts!
You hear a shout!
The orc shouts!
An orc priest comes into view. It is wielding a +0 dagger.
You shoot an arrow. The arrow barely misses the orc.
The orc shouts! x2
The arrow hits the orc.
The arrow freezes the orc.
The orc is moderately wounded.
You shoot an arrow. The arrow closely misses the orc.
The arrow hits the orc.
The arrow freezes the orc.
You kill the orc!
The orc completely misses you.
The orc priest mumbles some strange prayers to Beogh against you.
Beogh smites you!
Ouch! That really hurt!
You shoot an arrow. The arrow barely misses the orc.
The arrow closely misses the rat.
The arrow hits the orc!
The arrow freezes the orc.
You kill the orc!
The orc hits you but does no damage.
The orc priest miscasts a cantrip.
You shoot an arrow.
The arrow hits the orc but does no damage.
The orc hits you with a +0 short sword.
The orc priest invokes the aid of Beogh against you.
Beogh smites you!
Ouch! That really hurt!
You die...

......# ..o...#
###.)...# .......
..r.. ..# .o.
#.... #o# ..#
#.#.####@# #.#
#.#.#....# #.#
#.#.#.#### #.#
#.#.#.# #.#
#.#.#'### #.#
#.......# #.#
#.......#
#####.###.......#
..............###


You could see an orc priest, 2 orcs and a rat.

Vanquished Creatures
  An adder (D:2)
  A worm (D:3)
  3 dart slugs
  2 orcs (D:3)
  6 ball pythons
  3 bats
  6 endoplasms
  3 giant cockroaches (D:1)
  2 goblins (D:1)
  8 hobgoblins
  8 quokkas
  2 frilled lizards (D:1)
  2 kobolds (D:1)
  4 rats
51 creatures vanquished.

Notes
Turn   | Place    | Note
-------+----------+-------------------------------------------
     0 | D:1      | qw the Deep Elf Hunter began the quest for the Orb.
     0 | D:1      | Reached XP level 1. HP: 12/12 MP: 3/3
     0 | D:1      | 0 ||| qw: Version: 0.3-a-9-g12657ce
     0 | D:1      | 0 ||| qw: Game counter: 3381
     0 | D:1      | 0 ||| qw: Always use a shield: true
     0 | D:1      | 0 ||| qw: God list: Okawaru
     0 | D:1      | 0 ||| qw: Allow faded altars: false
     0 | D:1      | 0 ||| qw: Do Orc after D:15 true
     0 | D:1      | 0 ||| qw: Do second Lair branch before Depths: true
     0 | D:1      | 0 ||| qw: Lair rune preference: random
     0 | D:1      | 0 ||| qw: Plans: Normal
     0 | D:1      | 0 ||| PLANNING D:1-11
    60 | D:1      | Reached XP level 2. HP: 16/16 MP: 4/4
    61 | D:1      | Reached skill level 6 in Ranged Weapons
   310 | D:1      | Reached XP level 3. HP: 20/20 MP: 5/5
   465 | D:1      | 465 ||| UPGRADING to +0 ring mail.
   475 | D:1      | 475 ||| DROPPING +0 leather armour.
   476 | D:1      | 476 ||| READING scroll labelled FAMA POACZO.
   477 | D:1      | 477 ||| READING scroll labelled LOICVE JOHELO.
   478 | D:1      | 478 ||| DROPPING scroll of butterflies.
   531 | D:2      | Reached skill level 7 in Ranged Weapons
   552 | D:2      | 552 ||| FLEEEEING.
   808 | D:2      | Reached XP level 4. HP: 22/25 MP: 6/6
   908 | D:2      | 908 ||| READING 2 scrolls labelled ZALY WOTUE.
   909 | D:2      | 909 ||| READING scroll labelled FEEDYCZ UHULE.
   910 | D:2      | 910 ||| READING scroll labelled VAGHETR ZUCOCE.
   956 | D:2      | 956 ||| READING scroll labelled XAMARPH VOSKE.
  1035 | D:3      | Killed from afar by an orc priest

Levels and vault maps discovered:
D:1:      dpeg_arrival_long_road, layout_basic
D:2:      layout_rooms
D:3:      layout_basic, serial_shops, shop, minmay_pentomino_pile

Skill      XL: |  1  2  3 |
---------------+----------+-----
Ranged Weapons | 6 7 |  7.6
Fighting       | |  1.5
Dodging        | |  2.4
Stealth        | |  1.2

Action                     |  1- 3 |  4- 6 || total
---------------------------+-------+-------++-------
   Fire: Shortbow          |   124 |    10 ||   134
    Use: Scroll            |     2 |     4 ||     6
 Armour: Leather armour    |     5 |       ||     5
         Ring mail         |     3 |     1 ||     4
  Dodge: Dodged            |    20 |     2 ||    22

Table legend:
 A = Non-vault XP
 B = Vault XP
 C = Vault XP percentage of total XP
 D = Non-vault monster count
 E = Vault monster count
 F = Vault count percentage of total count
                 A         B        C        D         E       F
            +---------+---------+-------+---------+---------+-------
      Total |     112 |       0 |   0.0 |      51 |       0 |   0.0
            +---------+---------+-------+---------+---------+-------
        D:1 |      52 |       0 |   0.0 |      30 |       0 |   0.0
        D:2 |      49 |       0 |   0.0 |      18 |       0 |   0.0
        D:3 |      11 |       0 |   0.0 |       3 |       0 |   0.0
            +---------+---------+-------+---------+---------+-------
